 Dungeon Crawl Stone Soup version 0.31.0-11-ge490571c62 (webtiles) character file.

Game seed: 6358929539656242275

2 Leeroy the Covered (level 1, 0/13 HPs)
             Began as a Deep Elf Fighter on Feb 7, 2024.
             Slain by a hobgoblin (2 damage)
             ... on level 1 of the Dungeon.
             The game lasted 00:00:18 (57 turns).

Leeroy the Covered (Deep Elf Fighter)                 Turns: 57, Time: 00:00:19

Health: 0/13       AC:  6    Str: 13    XL:     1   Next: 33%
Magic:  3/3        EV:  8    Int: 12    God:
Gold:   18         SH:  4    Dex: 14    Spells: 0/0 levels left

rFire   . . .        a - +0 long sword
rCold   . . .        c - +0 buckler
rNeg    . . .        b - +0 scale mail
rPois   .            (no helmet)
rElec   .            (no cloak)
rCorr   .            (no gloves)
SInv    .            (no boots)
Will    .....        (no amulet) Stlth
                     (no ring)
HPRegen 0.22/turn    (no ring)
MPRegen 0.08/turn

%: no passive effects
@: no status effects
A: no striking features
a: no special abilities


You were on level 1 of the Dungeon.
You visited 1 branch of the dungeon, and saw 1 of its levels.

You collected 18 gold pieces.

Inventory:

Hand Weapons
 a - a +0 long sword (weapon)
Armour
 b - a +0 scale mail (worn)
 c - a +0 buckler (worn)
Scrolls
 f - a scroll of teleportation {unknown}
Potions
 d - a potion of might
 e - a potion of heal wounds {unknown}


   Skills:
 + Level 2.4 Fighting
 + Level 1.7 Long Blades
 + Level 2.5 Armour
 + Level 0.5 Dodging
 + Level 2.4 Shields


You couldn't memorise any spells.
You didn't know any spells.
Your spell library was empty.

Dungeon Overview and Level Annotations

Branches:
Dungeon (1/15)

Altars:


Message History

The hobgoblin is heavily wounded.
The hobgoblin hits you but does no damage.
You block the kobold's attack. The hobgoblin barely misses you.
You slash the hobgoblin!
You kill the hobgoblin!
The kobold hits you but does no damage. The hobgoblin hits you.
The ball python barely misses you. The ball python grabs you.
The ball python constricts you. The kobold hits you but does no damage.
The hobgoblin hits you but does no damage.
You hit the ball python.
The ball python is moderately wounded.
The ball python barely misses you. The ball python constricts you.
The kobold hits you with a +0 dagger of freezing.
The kobold freezes you.
The hobgoblin hits you but does no damage.
You are too injured to fight recklessly!
You are too injured to fight recklessly!
You are too injured to fight recklessly!
You are too injured to fight recklessly!
You are too injured to fight recklessly!
You are too injured to fight recklessly!
You are too injured to fight recklessly!
You are too injured to fight recklessly!
You are too injured to fight recklessly!
You hit the ball python.
You kill the ball python!
You block the hobgoblin's attack. The kobold hits you but does no damage.
You hit the goblin.
The goblin is heavily wounded.
The hobgoblin barely misses you. The goblin hits you with a +0 club.
* * * LOW HITPOINT WARNING * * *
The kobold hits you but does no damage. You block the kobold's attack.
The goblin hits you with a +0 club.
* * * LOW HITPOINT WARNING * * *
The hobgoblin hits you but does no damage.
You hit the goblin.
You kill the goblin!
The endoplasm closely misses you. You block the kobold's attack.
The hobgoblin hits you.
You die...

#.........# .
#.........# ..
##........##...
#.###......... ## ##.#
#....##... .#
####.####....#
.#####......##.!..#
...##..##...##....#
#(.....##..#.#..@g#
#....##...###.?J)K......
...<.....## ####.w......
....#####.. .....>.##
.#### ..# .......# ## .#
........# # ........#
.........#


You could see a dart slug, an endoplasm, a hobgoblin and a kobold.

Vanquished Creatures
  A ball python (D:1)
  A goblin (D:1)
  A hobgoblin (D:1)
3 creatures vanquished.

Notes
Turn   | Place    | Note
-------+----------+-------------------------------------------
     0 | D:1      | Leeroy the Deep Elf Fighter began the quest for the Orb.
     0 | D:1      | Reached XP level 1. HP: 13/13 MP: 3/3
    57 | D:1      | Slain by a hobgoblin

Illustrated notes

Levels and vault maps discovered:
D:1:      dpeg_arrival_round_c, layout_rooms, serial_shops, shop,
          minmay_distorted

Action                     || total
---------------------------++-------
  Melee: Long sword        ||    12
 Armour: Scale mail        ||    20
  Dodge: Dodged            ||    13
  Block: Buckler           ||     7
